 Dungeon Crawl Stone Soup version 0.30.1-3-gfc49f6343a (webtiles) character file.

Game seed: 17812866564277257459

896 Peloso the Slasher (level 7, -8/62 HPs)
             Began as a Minotaur Fighter on July 19, 2023.
             Mangled by Prince Ribbit (11 damage)
             ... on level 5 of the Dungeon.
             The game lasted 00:11:24 (5038 turns).

Peloso the Slasher (Minotaur Fighter)               Turns: 5038, Time: 00:11:24

Health: -8/62      AC: 11    Str: 21    XL:     7   Next: 78%
Magic:  6/6        EV:  8    Int:  5    God:
Gold:   194        SH:  5    Dex: 11    Spells: 6/6 levels left

rFire   + . .        a - +1 long sword
rCold   . . .        d - +0 buckler
rNeg    . . .        c - +0 chain mail
rPois   .            (helmet restricted)
rElec   .            (no cloak)
rCorr   .            (no gloves)
SInv    .            j - +0 pair of boots
Will    .....        (no amulet) Stlth
                     h - ring of protection from fire
HPRegen 0.30/turn    (no ring)
MPRegen 0.10/turn

%: no passive effects
@: invisible
A: horns 2, retaliatory headbutt
a: no special abilities


You were on level 5 of the Dungeon.
You visited 1 branch of the dungeon, and saw 5 of its levels.
You also visited: Sewer.

You collected 194 gold pieces.

Inventory:

Hand Weapons
 a - a +1 long sword (weapon)
Armour
 b - a +0 scale mail
 c - a +0 chain mail (worn)
 d - a +0 buckler (worn)
 j - a +0 pair of boots (worn)
 q - a +0 cloak
Jewellery
 h - a ring of protection from fire (left hand)
 p - an amulet of guardian spirit
Wands
 s - a wand of digging (6)
 u - a wand of light (1)
Scrolls
 e - a scroll of fog
 g - 3 scrolls of teleportation
 i - 2 scrolls of poison
 r - a scroll of magic mapping
 w - a scroll of butterflies
 x - a scroll of fear {unknown}
Potions
 k - a potion of mutation
 l - a potion of haste
 m - 2 potions of invisibility
 n - 2 potions of flight
 o - 3 potions of might


   Skills:
 + Level 5.7 Fighting
 + Level 7.3 Long Blades
 + Level 6.1 Armour
 + Level 2.2 Dodging
 + Level 0.7 Stealth
 + Level 4.8 Shields


You had 6 spell levels left.
You didn't know any spells.
Your spell library was empty.

Dungeon Overview and Level Annotations

Branches:
Dungeon (5/15)              Sewer (visited)
 Temple: D:4-7

Altars:
Kikubaaqudgha
Nemelex Xobeh
Xom
Yredelemnul
Zin

Annotations:
D:2 1 runed translucent door, Crazy Yiuf
D:5 Prince Ribbit


Innate Abilities, Weirdness & Mutations

You have a pair of horns on your head.
You reflexively headbutt those who attack you in melee.


Message History

You closely miss the adder.
The adder is heavily wounded.
The adder bites you but does no damage.
You closely miss the adder.
The adder is heavily wounded.
The adder bites you.
You hit the adder. Your headbutt misses the adder.
The adder is severely wounded.
You block the adder's attack. The adder bites you but does no damage.
You closely miss the adder.
The adder is severely wounded.
The adder bites you but does no damage.
You barely miss the adder. You headbutt the adder.
You kill the adder!
Prince Ribbit comes into view.
Found 21 gold pieces.
Prince Ribbit croaks.
Prince Ribbit is nearby!
Prince Ribbit is nearby!
Found a stone staircase leading down.
You barely miss Prince Ribbit. You block Prince Ribbit's attack.
Prince Ribbit hits you but does no damage.
You miss Prince Ribbit. Prince Ribbit barely misses you.
You barely miss Prince Ribbit. Your headbutt misses Prince Ribbit.
Prince Ribbit hits you! x2
You slash Prince Ribbit! You headbutt Prince Ribbit.
Prince Ribbit is moderately wounded.
Prince Ribbit hits you!
You barely miss Prince Ribbit. You headbutt Prince Ribbit.
Prince Ribbit is moderately wounded.
Prince Ribbit barely misses you. You furiously retaliate!
You headbutt Prince Ribbit!
Prince Ribbit hops awkwardly around.
Prince Ribbit hits you!
* * * LOW HITPOINT WARNING * * *
You feel better. Prince Ribbit hits you!
* * * LOW HITPOINT WARNING * * *
You fade into invisibility!
Prince Ribbit hits you!
You die...

#.......# ...#
#.......# >...#
#.......#
..$..#####.......#
........##......######
......................
......................
......................
......F@...<..........
..........############
..........#
..........#
..........#
........### ......###
......


You could see Prince Ribbit (unable to see you).

Vanquished Creatures
  Edmund (D:4)
  An ice beast (D:5)
  A kobold brigand (Sewer)
  A hound (D:4)
  A jelly (D:4)
  A gnoll bouda (D:3)
  2 orc priests (D:3)
  An orc wizard (D:4)
  A scorpion zombie (D:4)
  A howler monkey zombie (D:4)
  13 gnolls
  9 adders
  6 river rats
  A worm (D:4)
  3 adder zombies (D:4)
  4 dart slugs
  8 orcs
  7 bats
  4 endoplasms
  9 giant cockroaches
  9 goblins
  7 hobgoblins
  13 jackals
  10 kobolds
  3 quokkas
  11 ball pythons
  7 frilled lizards
  16 rats
  A butterfly (D:3)
152 creatures vanquished.

Vanquished Creatures (others)
  A human (D:3)
1 creature vanquished.

Grand Total: 153 creatures vanquished

Notes
Turn   | Place    | Note
-------+----------+-------------------------------------------
     0 | D:1      | Peloso the Minotaur Fighter began the quest for the Orb.
     0 | D:1      | Reached XP level 1. HP: 19/19 MP: 0/0
   111 | D:1      | Reached XP level 2. HP: 27/27 MP: 1/1
   899 | D:2      | Reached XP level 3. HP: 33/33 MP: 2/2
  1046 | D:2      | Found a sparkling altar of Nemelex Xobeh.
  1053 | D:2      | Reached skill level 3 in Long Blades
  1474 | D:2      | Reached skill level 1 in Dodging
  1647 | D:2      | Found a runed translucent door.
  1648 | D:2      | Noticed Crazy Yiuf
  1729 | D:2      | Reached XP level 4. HP: 36/40 MP: 3/3
  1923 | D:3      | Reached skill level 4 in Long Blades
  2058 | D:3      | Reached XP level 5. HP: 16/47 MP: 4/4
  2280 | D:3      | Found an ancient bone altar of Kikubaaqudgha.
  2285 | D:3      | Noticed a human
  2286 | D:3      | Killed a human
  2297 | D:3      | Found a shimmering altar of Xom.
  2734 | D:3      | Reached skill level 5 in Long Blades
  2906 | D:3      | Reached XP level 6. HP: 53/53 MP: 5/5
  3104 | D:3      | Reached skill level 5 in Armour
  3269 | D:4      | Noticed Edmund
  3281 | D:4      | Killed Edmund
  3282 | D:4      | Reached skill level 5 in Fighting
  3365 | D:4      | Reached XP level 7. HP: 16/61 MP: 6/6
  3514 | D:4      | Found a glowing drain.
  3524 | D:4      | Reached skill level 6 in Long Blades
  3536 | Sewer    | Entered a sewer
  4405 | D:4      | Found a basalt altar of Yredelemnul.
  4461 | D:4      | Found a glowing silver altar of Zin.
  4515 | D:4      | Reached skill level 7 in Long Blades
  5008 | D:5      | Entered Level 5 of the Dungeon
  5029 | D:5      | Noticed Prince Ribbit
  5037 | D:5      | HP: 2/62 [Prince Ribbit (12)]
  5038 | D:5      | Mangled by Prince Ribbit

Illustrated notes

Levels and vault maps discovered:
D:1:      tarquinn_simple_flora_water_b, layout_basic, interstate_on_off
D:2:      layout_loops_ring, basic_altar, minmay_fractal_squares_5,
          uniq_crazy_yiuf_cottage
D:3:      layout_loops_ring, xom_butterflies, tgw_kikubaaqudgha, st_stairs_3,
          serial_bayou_pond_b, grunt_ministairs_1
D:4:      layout_cave_pools, mainiacjoe_overflow_brackets,
          nicolae_yredelemnul_corpse_copse, portal_sewer_entry_a,
          kennysheep_cross_room, dreamdust_mushroom_princess, corexii_shack,
          uniq_edmund
D:5:      layout_rooms, lemuel_crystal_altar, trog_butcher_becter,
          fedhas_altar_4, minmay_temple_entry_offerings, kennysheep_nondescript,
          grunt_decor_arrowhead, kennysheep_generic_room_10, uniq_prince_ribbit1

Skill      XL: |  1  2  3  4  5  6  7 |
---------------+----------------------+-----
Armour         | 4 5 6 |  6.1
Fighting       | 4 5 |  5.7
Shields        | 4 |  4.8
Long Blades    | 3 4 5 7 |  7.3
Dodging        | 1 2 |  2.2
Stealth        | |  0.7

Action                     |  1- 3 |  4- 6 |  7- 9 || total
---------------------------+-------+-------+-------++-------
  Melee: Long sword        |    80 |   146 |   201 ||   427
         Headbutt          |     8 |    29 |    43 ||    80
    Use: Potion            |     2 |     2 |     6 ||    10
         Scroll            |       |     4 |     8 ||    12
 Armour: Scale mail        |    40 |       |       ||    40
         Chain mail        |     5 |   111 |    81 ||   197
  Dodge: Dodged            |    51 |   100 |    58 ||   209
  Block: Buckler           |    21 |    43 |    48 ||   112
